 Dungeon Crawl Stone Soup version 0.31.0-32-g396128a36d (webtiles) character file.

Game seed: 7885489517266556777

436 unlimited1921 the Chopper (level 7, 0/60 HPs)
             Began as a Gnoll Cinder Acolyte on Mar 23, 2024.
             Was a High Priest of Ignis.
             Slain by a water moccasin (8 damage)
             ... on level 5 of the Dungeon.
             The game lasted 00:14:52 (6082 turns).

unlimited1921 the Chopper (Gnoll Cinder Acolyte)    Turns: 6082, Time: 00:14:53

Health: 0/60       AC: 11    Str: 16    XL:     7   Next: 1%
Magic:  12/12      EV:  7    Int: 13    God:    Ignis [*****.]
Gold:   181        SH:  0    Dex:  7    Spells: 13/13 levels left

rFire   + . .        a - -1 hand axe (flame)
rCold   . . .        (no shield)
rNeg    . . .        D - +0 chain mail
rPois   .            (no helmet)
rElec   .            y - +0 cloak
rCorr   +            t - +0 pair of gloves
SInv    .            (no boots)
Will    .....        (no amulet) Stlth
                     j - ring of resist corrosion
HPRegen 0.30/turn    l - +4 ring of slaying
MPRegen 0.13/turn

%: no passive effects
@: lethally poisoned (0 -> -12)
A: fangs 1, strong nose, distributed training
a: Renounce Religion, Fiery Armour, Foxfire Swarm, Rising Flame


You were on level 5 of the Dungeon.
You worshipped Ignis.
Ignis was extremely pleased with you.
You visited 1 branch of the dungeon, and saw 5 of its levels.

You collected 209 gold pieces.
You spent 28 gold pieces at shops.

Inventory:

Hand Weapons
 a - a -1 hand axe of flaming (weapon)
 c - a +0 falchion
 p - a +1 short sword of electrocution
 r - a +0 shortbow
 s - a +3 rapier
 w - a +1 hammer of holy wrath
 x - a +3 quarterstaff of chaos
 z - a +0 hammer of venom
 E - a +0 trident
Missiles
 e - 16 poisoned darts (quivered)
Armour
 b - a +0 ring mail
 t - a +0 pair of gloves (worn)
 v - a +0 scale mail
 y - a +0 cloak (worn)
 D - a +0 chain mail (worn)
Jewellery
 j - a ring of resist corrosion (left hand)
 l - a +4 ring of slaying (right hand)
Wands
 A - a wand of quicksilver (4)
 C - a wand of paralysis (12)
Scrolls
 d - a scroll of blinking
 g - a scroll of silence {unknown}
 i - 3 scrolls of teleportation {unknown}
 k - 2 scrolls of poison
 n - 2 scrolls of vulnerability {unknown}
 u - a scroll of revelation {unknown}
Potions
 f - a potion of magic
 h - 2 potions of curing
 m - a potion of lignification
 o - a potion of mutation
 q - a potion of resistance
 B - a potion of attraction {unknown}


   Skills:
 + Level 7.0 Fighting
 + Level 2.3 Short Blades
 + Level 2.3 Long Blades
 + Level 7.0 Axes
 + Level 2.3 Maces & Flails
 + Level 2.3 Polearms
 + Level 2.3 Staves
 + Level 2.3 Ranged Weapons
 + Level 2.3 Throwing
 + Level 2.3 Armour
 + Level 2.3 Dodging
 + Level 2.3 Stealth
 + Level 2.3 Shields
 + Level 2.3 Unarmed Combat
 + Level 3.6 Spellcasting
 + Level 1.8 Conjurations
 + Level 1.8 Hexes
 + Level 1.8 Summonings
 + Level 1.8 Necromancy
 + Level 1.8 Translocations
 + Level 5.8 Fire Magic
 + Level 1.8 Ice Magic
 + Level 1.8 Air Magic
 + Level 1.8 Earth Magic
 + Level 1.8 Alchemy
 + Level 2.5 Invocations
 + Level 2.3 Evocations
 + Level 2.1 Shapeshifting


You had 13 spell levels left.
You didn't know any spells.
Your spell library contained the following spells:

 Spells                   Type           Power      Damage    Failure   Level
 Scorch                   Fire           34%        2d6       36%         2


Dungeon Overview and Level Annotations

Branches:
Dungeon (5/15)
 Temple: D:4-7

Altars:
Ru

Shops:
D:2 *


Innate Abilities, Weirdness & Mutations

You have very sharp teeth.
Your uncanny sense of smell can sniff out nearby items.
Your experience applies equally to all skills.


Message History

You feel very sick.
The water moccasin bites you but does no damage. x2
You shoot an arrow.
The arrow barely misses the water moccasin.
You feel very sick. The water moccasin bites you.
You are more poisoned.
The water moccasin poisons you! The water moccasin bites you!
You are more poisoned.
The water moccasin poisons you!
You shoot an arrow. The arrow hits the water moccasin.
The water moccasin is moderately wounded.
You feel extremely sick. The water moccasin bites you.
The water moccasin bites you but does no damage.
You are too injured to fight recklessly!
You are too injured to fight recklessly!
You are too injured to fight recklessly!
You are too injured to fight recklessly!
Unknown command.
You are too injured to fight recklessly!
You are too injured to fight recklessly!
You are too injured to fight recklessly!
Your -1 hand axe of flaming bursts into flame!
a - a -1 hand axe of flaming (weapon)
You feel very sick. The water moccasin bites you!
* * * LOW HITPOINT WARNING * * *
You hit the water moccasin. You burn the water moccasin.
The water moccasin is heavily wounded.
* * * LOW HITPOINT WARNING * * *
You feel very sick. The water moccasin barely misses you.
The water moccasin bites you but does no damage.
You hit the water moccasin. You burn the water moccasin.
The water moccasin is severely wounded.
* * * LOW HITPOINT WARNING * * *
You feel very sick. The water moccasin bites you!
You die...

###.....##.).#
##...........##
##......÷.....##
#.......)......#
##..<............
#................ #
##................
#...###.............(...
#.....@................
##..###S...............
#.. #................ #.
##........... #.
#.......... #∆
##........ #...... #...


You could see a water moccasin.

Vanquished Creatures
  A centaur (D:4)
  2 scorpions (D:4)
  Crazy Yiuf (D:3)
  Jessica (D:2)
  9 adders
  3 dart slugs
  4 ribbon worms
  5 orcs
  2 endoplasms (D:3)
  3 giant cockroaches
  8 goblins
  4 hobgoblins
  7 jackals
  6 kobolds
  6 quokkas
  17 ball pythons
  7 bats
  5 frilled lizards
  7 rats
98 creatures vanquished.

Notes
Turn   | Place    | Note
-------+----------+-------------------------------------------
     0 | D:1      | unlimited1921 the Gnoll Cinder Acolyte began the quest for
                  | the Orb.
     0 | D:1      | Reached XP level 1. HP: 23/23 MP: 4/4
   536 | D:1      | Reached XP level 2. HP: 26/29 MP: 5/5
   783 | D:1      | Reached XP level 3. HP: 35/35 MP: 7/7
  1168 | D:1      | Reached skill level 1 in Invocations
  1943 | D:2      | Reached skill level 1 in Short Blades
  1943 | D:2      | Reached skill level 1 in Long Blades
  1943 | D:2      | Reached skill level 1 in Maces & Flails
  1943 | D:2      | Reached skill level 1 in Polearms
  1943 | D:2      | Reached skill level 1 in Staves
  1943 | D:2      | Reached skill level 1 in Ranged Weapons
  1943 | D:2      | Reached skill level 1 in Throwing
  1943 | D:2      | Reached skill level 1 in Armour
  1943 | D:2      | Reached skill level 1 in Dodging
  1943 | D:2      | Reached skill level 1 in Stealth
  1943 | D:2      | Reached skill level 1 in Shields
  1943 | D:2      | Reached skill level 1 in Unarmed Combat
  1943 | D:2      | Reached skill level 1 in Evocations
  2278 | D:2      | Reached skill level 1 in Shapeshifting
  2278 | D:2      | Reached XP level 4. HP: 41/41 MP: 8/8
  2460 | D:2      | Reached skill level 1 in Conjurations
  2460 | D:2      | Reached skill level 1 in Hexes
  2460 | D:2      | Reached skill level 1 in Summonings
  2460 | D:2      | Reached skill level 1 in Necromancy
  2460 | D:2      | Reached skill level 1 in Translocations
  2460 | D:2      | Reached skill level 1 in Ice Magic
  2460 | D:2      | Reached skill level 1 in Air Magic
  2460 | D:2      | Reached skill level 1 in Earth Magic
  2460 | D:2      | Reached skill level 1 in Alchemy
  2841 | D:2      | Found Waefabb's General Store.
  2849 | D:2      | Bought a scroll of identify for 28 gold pieces
  2918 | D:2      | Noticed Jessica
  2923 | D:2      | Killed Jessica
  2924 | D:2      | Reached XP level 5. HP: 47/47 MP: 9/9
  3552 | D:3      | Found a sacrificial altar of Ru.
  3833 | D:3      | You fall into a shaft and drop 1 floor!
  3838 | D:4      | Noticed a centaur
  3849 | D:4      | Killed a centaur
  3850 | D:4      | Reached XP level 6. HP: 18/53 MP: 9/11
  4834 | D:3      | Found a runed translucent door.
  4836 | D:3      | Noticed Crazy Yiuf
  4841 | D:3      | Killed Crazy Yiuf
  5776 | D:5      | Entered Level 5 of the Dungeon
  5803 | D:5      | Reached XP level 7. HP: 59/59 MP: 12/12
  6082 | D:5      | Slain by a water moccasin

Illustrated notes

Levels and vault maps discovered:
D:1:      lemuel_arrival_hallway, layout_loops_cross, minmay_three_crescents
D:2:      layout_loops_cross, serial_shops, nicolae_square_shop,
          minmay_snake_closets, uniq_jessica
D:3:      layout_loops_ring, nicolae_ru_awakened_eye,
          minmay_misc_feat_diagonals, uniq_crazy_yiuf_cottage
D:4:      layout_cave_pools
D:5:      layout_cave_pods, water_boxes_lemuel

Skill      XL: |  1  2  3  4  5  6  7 |
---------------+----------------------+-----
Invocations    | 1 2 |  2.5
Short Blades   | 1 2 |  2.3
Long Blades    | 1 2 |  2.3
Maces & Flails | 1 2 |  2.3
Polearms       | 1 2 |  2.3
Staves         | 1 2 |  2.3
Ranged Weapons | 1 2 |  2.3
Throwing       | 1 2 |  2.3
Armour         | 1 2 |  2.3
Dodging        | 1 2 |  2.3
Stealth        | 1 2 |  2.3
Shields        | 1 2 |  2.3
Unarmed Combat | 1 2 |  2.3
Evocations     | 1 2 |  2.3
Shapeshifting  | 1 2 |  2.1
Spellcasting   | 3 |  3.6
Conjurations   | 1 |  1.8
Hexes          | 1 |  1.8
Summonings     | 1 |  1.8
Necromancy     | 1 |  1.8
Translocations | 1 |  1.8
Ice Magic      | 1 |  1.8
Air Magic      | 1 |  1.8
Earth Magic    | 1 |  1.8
Alchemy        | 1 |  1.8
Fighting       | 7 |  7.0
Axes           | 7 |  7.0
Fire Magic     | |  5.8

Action                     |  1- 3 |  4- 6 |  7- 9 || total
---------------------------+-------+-------+-------++-------
  Melee: Hand axe          |   128 |   104 |     2 ||   234
         Bite              |    13 |    10 |       ||    23
   Fire: Shortbow          |       |    53 |    19 ||    72
    Use: Scroll            |       |     8 |       ||     8
 Armour: Robe              |    37 |       |       ||    37
         Leather armour    |    33 |       |       ||    33
         Ring mail         |    16 |    85 |     6 ||   107
         Chain mail        |       |       |    12 ||    12
  Dodge: Dodged            |    91 |    69 |     7 ||   167
